 Dungeon Crawl Stone Soup version 0.31.0-11-ge490571c62 (webtiles) character file.

Game seed: 12919058049200850861

535384 Gonzollydolly the Slayer (level 25, 0/195 HPs)
             Began as a Barachi Shapeshifter on Jan 26, 2024.
             Was the Champion of Lugonu.
             Killed from afar by a yellow draconian annihilator (15 damage)
             ... with a glob of acid
             ... led by a black draconian knight
             ... on level 2 of the Realm of Zot on Jan 31, 2024.
             The game lasted 07:45:26 (81849 turns).

Gonzollydolly the Slayer (Barachi Shapeshifter)    Turns: 81849, Time: 07:45:27

Health: 0/195      AC: 33    Str: 26    XL:     25   Next: 79%
Magic:  35/36      EV: 17    Int: 10    God:    Lugonu [******]
Gold:   1749       SH: 15    Dex: 17    Spells: 34/42 levels left

rFire   + .          .
                       - Unarmed
rCold   + + +        I - +1 kite shield {rC+}
rNeg    + + .        g - +8 fire dragon scales
rPois   +            k - +0 mask of the Dragon {Will+ Slay+3 SInv}
rElec   +            D - +2 cloak
rCorr   .            S - +2 pair of gloves {Str+3}
SInv    +            G - +2 pair of boots {Fly}
Will    ++...        e - macabre finger necklace {Finger+ rN+}
Stlth   +++          y - ring of protection from cold
HPRegen 0.52/turn    N - ring of Istataj {rPois rN+ SInv Stlth+}
MPRegen 0.25/turn    V - ring "Weoli" {Ice rElec}

%: no passive effects
@: flying, very slightly contaminated, studying 2 skills, slow
A: amphibious, slowness 1, strong legs 2, +LOS, cold resistance 1, frail 1,
shaggy fur 1
}: 3/15 runes: serpentine, barnacled, silver
a: Hop, Renounce Religion, Depart the Abyss, Banish, Corrupt, Enter the Abyss,
Brand Weapon With Distortion


You were on level 2 of the Realm of Zot.
You worshipped Lugonu.
Lugonu was exalted by your worship.
You visited 12 branches of the dungeon, and saw 49 of its levels.
You visited the Abyss 1 time.
You also visited: Ice Cave and Volcano.

You collected 9576 gold pieces.
You spent 7827 gold pieces at shops.

Inventory:

Missiles
 m - 13 boomerangs (quivered)
 w - 7 curare-tipped darts
 A - 11 silver javelins
 T - 15 javelins
Armour
 g - +8 fire dragon scales (worn)
 k - the +0 mask of the Dragon (worn) {Will+ Slay+3 SInv}
   (You found it on level 3 of the Shoals)

   Slay+3:    It affects your accuracy & damage with ranged weapons and melee
   (+3).
   Will+:     It increases your willpower.
   SInv:      It lets you see invisible.
 D - a +2 cloak (worn)
 G - a +2 pair of boots of flying (worn)
 I - a +1 kite shield of cold resistance (worn)
 S - a +2 pair of gloves of strength (worn)
Jewellery
 c - an amulet of regeneration
 e - the macabre finger necklace (around neck) {Finger+ rN+}
   (You bought it in a shop on level 4 of the Snake Pit)

   [amulet of nothing]

   Finger+:   It enables you to equip an extra ring.
   rN+:       It protects you from negative energy.
 f - a +6 ring of dexterity
 r - a ring of protection from fire
 y - a ring of protection from cold (left hand)
 H - a +4 ring of protection
 J - the ring of Eduh {Ice Dex+3 Slay+4 Stlth-}
   (You took it off Josephina on level 1 of the Crypt)

   [ring of ice]

   Ice:       It enhances your ice magic.
   Dex+3:     It affects your dexterity (+3).
   Slay+4:    It affects your accuracy & damage with ranged weapons and melee
   (+4).
   rF-:       It makes you vulnerable to fire.
   rC+:       It protects you from cold.
   Stlth-:    It makes you less stealthy.
 L - a ring of resist corrosion
 M - a ring of willpower
 N - the ring of Istataj (right hand) {rPois rN+ SInv Stlth+}
   (You took it off a deep elf zephyrmancer on level 3 of the Elven Halls)

   [ring of poison resistance]

   rPois:     It protects you from poison rN+: It protects you from negative
   energy.
   SInv:      It lets you see invisible.
   Stlth+:    It makes you more stealthy.
 V - the ring "Weoli" (on amulet) {Ice rElec}
   (You bought it in a shop on level 2 of the Orcish Mines)

   [ring of ice]

   Ice:       It enhances your ice magic.
   rF-:       It makes you vulnerable to fire.
   rC+:       It protects you from cold.
   rElec:     It insulates you from electricity.
Wands
 d - a wand of flame (81)
 o - a wand of quicksilver (4)
 s - a wand of paralysis (38)
 t - a wand of polymorph (11)
 C - a wand of digging (19)
 E - a wand of mindburst (24)
 X - a wand of roots (39)
Scrolls
 b - 8 scrolls of fear
 h - 8 scrolls of vulnerability
 p - 23 scrolls of teleportation
 B - 13 scrolls of fog
 F - a scroll of revelation
 U - 3 scrolls of summoning
 W - 6 scrolls of silence
Potions
 j - 5 potions of brilliance
 l - 9 potions of curing
 n - 13 potions of attraction
 q - a potion of haste
 u - 3 potions of resistance
 v - 2 potions of ambrosia
 z - a potion of cancellation
 K - 12 potions of enlightenment
 O - a potion of heal wounds
 Q - 4 potions of might
 R - 3 potions of mutation
 Z - 7 potions of invisibility
Miscellaneous
 a - a phial of floods
 i - a sack of spiders
 P - a condenser vane
 Y - a lightning rod (4/4)


   Skills:
 + Level 22.1 Fighting
 + Level 18.8 Throwing
 - Level 14.6 Armour
 - Level 13.9 Dodging
 - Level 6.5 Stealth
 - Level 15.0 Shields
 - Level 20.0 Unarmed Combat
 - Level 9.0 Spellcasting
 - Level 9.1 Necromancy
 - Level 8.3 Translocations
 - Level 13.0 Invocations
 - Level 15.0 Evocations
 - Level 9.1 Shapeshifting


You had 34 spell levels left.
You knew the following spells:

 Your Spells              Type           Power      Damage    Failure   Level
a - Blink                 Tloc           42%        N/A       2%          2
b - Lesser Beckoning      Tloc           42%        N/A       2%          2
c - Apportation           Tloc           42%        N/A       1%          1
d - Fugue of the Fallen   Necr           22%        N/A       3%          3

Your spell library contained the following spells:

 Spells                   Type           Power      Damage    Failure   Level
 Necrotise                Necr           88%        1d8       1%          1
 Gell's Gravitas          Tloc           21%        N/A       4%          3
 Teleport Other           Tloc           21%        N/A       4%          3
 Kiss of Death            Conj/Necr      52%        2d9       7%          1
 Animate Dead             Necr           22%        N/A       11%         4
 Dispel Undead            Necr           22%        3d12      11%         4
 Momentum Strike          Conj/Tloc      24%        3d8       12%         2
 Passage of Golubria      Tloc           21%        N/A       14%         4
 Volatile Blastmotes      Fire/Tloc      24%        2d12      24%         3
 Curse of Agony           Necr           22%        N/A       28%         5
 Sandblast                Erth           8%         2d5       41%         1
 Shock                    Conj/Air       16%        1d4       41%         1
 Slow                     Hex            16%        N/A       41%         1
 Sting                    Conj/Alch      16%        1d4       41%         1
 Summon Small Mammal      Summ           16%        N/A       41%         1
 Ensorcelled Hibernation  Hex/Ice        12%        N/A       56%         2
 Mercury Vapours          Alch/Air       8%         N/A       56%         2
 Scorch                   Fire           8%         2d5       56%         2
 Static Discharge         Conj/Air       8%         3-4/arc   56%         2
 Anguish                  Hex/Necr       6%         N/A       56%         4
 Dimensional Bullseye     Hex/Tloc       6%         N/A       63%         4
 Iskenderun's Mystic Bla  Conj/Tloc      12%        2d5       63%         4
 Vhi's Electric Charge    Tloc/Air       24%        N/A       63%         4
 Call Canine Familiar     Summ           4%         N/A       80%         3
 Confusing Touch          Hex            4%         N/A       80%         3
 Dazzling Flash           Conj/Hex       8%         N/A       80%         3
 Inner Flame              Hex/Fire       4%         N/A       80%         3
 Mephitic Cloud           Conj/Alch/Air  4%         N/A       80%         3
 Passwall                 Erth           4%         N/A       80%         3
 Stone Arrow              Conj/Erth      8%         3d7       80%         3
 Swiftness                Air            4%         N/A       80%         3
 Tukima's Dance           Hex            4%         N/A       80%         3
 Death Channel            Necr           11%        N/A       85%         6
 Borgnjor's Vile Clutch   Necr/Erth      6%         N/A       88%         5
 Summon Forest            Summ/Tloc      6%         N/A       92%         5
 Airstrike                Air            2%         2d(1-17)  99%         4
 Animate Armour           Summ/Erth      8%         N/A       99%         4
 Brom's Barrelling Bould  Conj/Erth      4%         2d3       99%         4
 Flame Wave               Conj/Fire      4%         2d5       99%         4
 Fulminant Prism          Conj/Alch      2%         3d5       99%         4
 Sticky Flame             Fire/Alch      4%         2d4       99%         4
 Summon Blazeheart Golem  Fire/Summ      4%         N/A       99%         4
 Summon Lightning Spire   Summ/Air       4%         N/A       99%         4
 Arcjolt                  Conj/Air       2%         1d12      100%        5
 Freezing Cloud           Conj/Ice/Air   3%         6-21      100%        5
 Iskenderun's Battlesphe  Conj           4%         2d6       100%        5
 Lee's Rapid Deconstruct  Erth           2%         3d4*      100%        5
 Silence                  Hex/Air        2%         N/A       100%        5
 Summon Mana Viper        Hex/Summ       4%         N/A       100%        5
 Yara's Violent Unravell  Hex/Alch       2%         3d3       100%        5
 Bombard                  Conj/Erth      2%         9d1       100%        6
 Conjure Ball Lightning   Conj/Air       2%         3x3d6     100%        6
 Eringya's Noxious Bog    Alch           2%         4d6       100%        6
 Plasma Beam              Fire/Air       2%         2x1d12    100%        6
 Summon Cactus Giant      Summ           2%         N/A       100%        6
 Haunt                    Necr/Summ      6%         N/A       100%        7
 Monstrous Menagerie      Summ           2%         N/A       100%        7
 Spellforged Servitor     Conj/Summ      2%         N/A       100%        7
 Summon Hydra             Summ           2%         N/A       100%        7
 Discord                  Hex            2%         N/A       100%        8
 Disjunction              Tloc           10%        N/A       100%        8
 Infestation              Necr           11%        N/A       100%        8
 Lehudib's Crystal Spear  Conj/Erth      2%         10d2      100%        8
 Polar Vortex             Ice            3%         N/A       100%        9


Dungeon Overview and Level Annotations

Branches:
Dungeon (15/15)            Temple (1/1) D:6            Lair (5/5) D:10
 Shoals (4/4) Lair:2        Snake (4/4) Lair:3        Slime (0/5) Lair:5
    Orc (2/2) D:11            Elf (3/3) Orc:2        Vaults (5/5) D:13
  Crypt (3/3) Vaults:2       Tomb (1/3) Crypt:3      Depths (4/4) D:15
    Zot (1/5) Depths:4      IceCv (visited)         Volcano (visited)

Altars:
Ashenzari
Cheibriados
Dithmenos
Elyvilon
Fedhas
Gozag
Hepliaklqana
Kikubaaqudgha
Makhleb
Nemelex Xobeh
Okawaru
Qazlal
Ru
Sif Muna
Trog
Uskayaw
Vehumet
Wu Jian
Xom
Yredelemnul
Zin
The Shining One

Shops:
D:6 *[   Orc:2 :**?   Elf:1 !::[(   Elf:2 [=   Shoals:2 ?   Shoals:3 [
Snake:2 ?(*   Snake:4 :=:?   Vaults:4 *   Depths:3 [   Depths:4 ??

Portals:
Hell: Depths:1 Depths:2 Depths:3 Depths:4
Abyss: Depths:3 Depths:4
Pandemonium: Depths:1 Depths:2 Depths:4
Ziggurat: Depths:2

Annotations:
Lair:4 2 transporters, Fiha's ghost, journeyman VSSh
Shoals:4 corrupted
Orc:2 1 runed translucent door, Armakuni's ghost, adept DEGl
Elf:2 5 runed translucent doors
Elf:3 3 runed translucent doors
Vaults:1 corrupted
Vaults:2 corrupted
Vaults:5 corrupted
Crypt:1 corrupted
Depths:3 corrupted
Zot:1 corrupted
Zot:2 corrupted
Abyss:1 Mara; Mennas


Innate Abilities, Weirdness & Mutations

You are amphibious.
You cover ground slowly.
You can hop long distances.
You have an extended range of vision and can be seen from far away.
Your flesh is cold resistant. (rC+)
You are frail. (-10% HP)
You are covered in fur. (AC +1)


Message History

Something barely misses the electric golem.
The small abomination completely misses the white draconian stormcaller.
The electric golem crackles and sizzles.
Unknown command.
You feel much better.
The electric golem blinks!
A starcursed mass splits.
The white draconian stormcaller breathes frost at you.
The blast of cold hits the small abomination!
A starcursed mass splits.
The protean progenitor writhes in pain as voices assail its mind.
The small abomination hits the white draconian stormcaller!
Blink to where?
Press: ? - help, Dir - move target
As you read the scroll of blinking, it crumbles to dust.
The protean progenitor writhes in pain as voices assail its mind.
The protean progenitor suddenly stops moving!
Unknown command.
The protean progenitor convulses! x2
The protean progenitor's mind is gnawed upon.
The protean progenitor's magic leaks into the air.
The protean progenitor writhes in pain as voices assail its mind.
Something touches the protean progenitor!
Something touches the protean progenitor but does no damage.
A yellow draconian annihilator comes into view.
It is wielding a +1 short sword of protection.
Found a stone staircase leading up.
A black draconian knight comes into view.
It is wielding a +0 broad axe and wearing a +1 cloak of willpower.
Unknown command.
Okay, then.
Blink to where?
Press: ? - help, Dir - move target A black draconian knight and a golden dragon come into view.
As you read the scroll of blinking, it crumbles to dust.
The golden dragon roars deafeningly!
You hear a roar! x3
Unknown command.
The black draconian knight roars!
The black draconian knight breathes lightning at you.
The bolt of lightning hits you! You resist.
* * * LOW HITPOINT WARNING * * *
The yellow draconian annihilator spits acid at you.
The glob of acid hits you!
You die...

*,,*
*,................,,,,,,,,
*,,*
*,,...............,,,,,,,,
*,,*
*,,*............#*********
*,,* *,,**...........##
*,,* *,,***...........#
*,,* *,,*
*#..........#******** *,,*
*,,* #...........,,,,,,,,
*,,* *,,*
#...........,,,,,,,, *,,*
*,,* #..@.D.......q,*****
*,,* *,,*
#............,,,* *,,*
*,,* #.........q.,,,,****
*,,* *,,*
#.........qd,,,,,,,, *,,*
*,,* #..........d,,,,,,,,
*,,* *,,*
#........###******** *,,*
*,,* #.........## #####
*,,* *,,* #.........X##
#####. *,,* *,,*
#.....§.....###....#


You could see a black draconian knight (catching breath), a golden dragon, 2
draconians, a yellow draconian annihilator (catching breath) and a neutral
thrashing horror (summoned, wandering).

Vanquished Creatures
  An orb of fire (Zot:1)
  Josephina (Crypt:1)
  Bai Suzhen (Depths:2)
  Vashnia (Snake:4)
  Saint Roka (Vaults:3)
  Margery (Depths:4)
  3 golden dragons
  2 bone dragons
  2 profane servitors (Crypt:3)
  A hellephant (Depths:4)
  Zenata (Elf:2)
  5 tentacled monstrosities
  5 liches
  6 titans
  3 quicksilver dragons
  2 deep elf master archers (Elf:3)
  2 deep elf blademasters (Elf:3)
  6 sphinxes
  A walking frostbound tome (Depths:4)
  A kraken (Shoals:2)
  2 ancient champions (Crypt:1)
  7 storm dragons
  A daeva (Shoals:4)
  2 revenants
  6 tengu reavers
  A draconian knight (Depths:4)
  6 shadow dragons
  14 nagarajas
  6 fire giants
  2 deep elf sorcerers (Elf:3)
  7 frost giants
  An iron dragon (Vaults:5)
  2 draconian shifters (Zot:1)
  21 vault wardens
  16 ironbound preservers
  5 spectral caustic shrikes (Depths:1)
  3 deep elf elementalists (Elf:3)
  12 ghouls
  3 curse skulls
  The ghost of Yjeari the Unseen, a journeyman GrMo of Gozag (Lair:3)
  An orc warlord (Vaults:3)
  4 spriggan defenders (Depths:3)
  A caustic shrike zombie (Crypt:3)
  A draconian annihilator (Zot:1)
  A draconian stormcaller (Depths:4)
  5 ironbound thunderhulks
  16 stone giants
  24 very ugly things
  2 elemental wellsprings (Shoals:2)
  2 green draconians (Zot:1)
  A juggernaut skeleton (Crypt:1)
  5 vampire knights
  A black draconian (Zot:1)
  13 deep elf death magi
  6 red draconians
  3 purple draconians
  6 deep elf demonologists
  7 deep elf annihilators
  9 dire elephants
  4 yellow draconians
  3 spark wasps
  A war gargoyle (Vaults:5)
  The ghost of dakkaduck the Cleaver, a journeyman MiBe of Trog (Lair:1)
  7 eidola
  11 merfolk impalers
  12 ettins
  3 merfolk javelineers
  A mummy priest (Crypt:3)
  18 yaktaur captains
  5 great orbs of eyes
  5 fire dragons
  6 deep elf high priests
  10 jiangshi
  2 spriggan zombies (Crypt:3)
  33 vault guards
  5 rakshasas
  8 centaur warriors
  3 salamander tyrants
  3 hydras (Lair:5)
  8 ice dragons
  11 ironbound frosthearts
  2 merfolk avatars
  2 ogre magi
  7 anacondas
  A catoblepas (Lair:4)
  3 spriggan air magi
  A two-headed ogre (shapeshifter) (Vaults:5)
  An alligator snapping turtle (Shoals:2)
  A satyr (Shoals:3)
  5 death knights
  7 dancing weapons
  11 boulder beetles
  4 orc high priests (Vaults:3)
  6 deep troll shamans
  2 merfolk aquamancers
  3 tengu warriors
  6 death yaks
  3 two-headed ogres
  8 vampire magi
  5 deep troll earth magi
  8 spriggan berserkers
  18 naga sharpshooters
  A bennu skeleton (Crypt:2)
  2 storm dragon zombies (Crypt:3)
  15 naga warriors
  Urug (Orc:2)
  A titan zombie (Crypt:3)
  3 occultists
  4 spriggans
  9 hell knights
  7 shock serpents
  4 soul eaters
  A sun demon (Depths:1)
  4 shadow wraiths
  33 skeletal warriors
  14 sea snakes
  13 iron trolls
  6 salamander mystics
  8 deep elf knights
  2 skysharks
  A bunyip zombie (Crypt:2)
  A golden dragon zombie (Depths:2)
  38 deep trolls
  Lodul (D:14)
  A deep troll (shapeshifter) (Vaults:5)
  12 deep elf archers
  2 glowing orange brains
  A glowing orange brain (shapeshifter) (Vaults:5)
  7 mana vipers
  7 flayed ghosts
  28 phantasmal warriors
  2 cherubim (Shoals:4)
  Pikel (D:8)
  6 arcanists
  5 orc knights
  10 necromancers
  6 naga ritualists
  26 deep elf pyromancers
  26 deep elf zephyrmancers
  A wolf spider zombie (D:15)
  A swamp dragon (shapeshifter) (Vaults:5)
  A shining eye (shapeshifter) (Depths:3)
  4 harpies
  19 ironbound convokers
  7 fauns (Shoals:2)
  A manticore (shapeshifter) (Vaults:4)
  An orc sorcerer (D:15)
  18 salamanders
  11 cyclopes
  10 manticores
  28 ugly things
  8 moths of wrath
  11 guardian serpents
  3 wolf spiders
  4 centaur zombies
  A shock serpent zombie (Crypt:1)
  2 naga zombies
  12 elephants
  An ice statue (IceCv)
  3 kobold blastminers (Orc:2)
  12 water nymphs
  34 black mambas
  4 merfolk sirens
  17 naga magi
  2 molten gargoyles (Volcano)
  A dire elephant zombie (Crypt:1)
  2 alligator snapping turtle zombies (Crypt:1)
  A centaur skeleton (D:15)
  17 vault sentinels
  4 large abominations (Depths:3)
  8 cane toads
  A red draconian zombie (Crypt:1)
  A gargoyle (D:12)
  6 unseen horrors
  A shock serpent skeleton (Crypt:1)
  A rime drake (shapeshifter) (D:15)
  35 yaktaurs
  A pale draconian zombie (Crypt:2)
  6 komodo dragons
  3 kobold demonologists (D:14)
  An unseen horror (shapeshifter) (Elf:2)
  9 rime drakes
  11 ice devils (IceCv)
  An alligator snapping turtle skeleton (Crypt:1)
  9 freezing wraiths
  2 anaconda simulacra
  6 tengu conjurers
  A hydra zombie (Crypt:3)
  A yaktaur skeleton (Vaults:1)
  2 guardian mummies (Crypt:3)
  5 trolls
  21 merfolk
  2 harpy zombies (Crypt:3)
  4 wind drakes
  A hornet (shapeshifter) (D:13)
  A tyrant leech (shapeshifter) (Vaults:2)
  12 hornets
  4 polar bears
  Prince Ribbit (D:6)
  An ettin zombie (Crypt:1)
  5 dream sheep
  A glass eye (shapeshifter) (Elf:2)
  12 snapping turtles
  21 blink frogs
  A meliai zombie (D:15)
  2 centaur simulacra
  29 slime creatures
  An air elemental (Elf:1)
  2 jumping spiders (Crypt:3)
  3 small abominations (Depths:3)
  2 ettin skeletons (Crypt:1)
  2 shadows
  A spriggan (shapeshifter) (Elf:2)
  A dire elephant simulacrum (IceCv)
  A hog (Lair:4)
  A fire bat (Volcano)
  6 wyverns
  14 water elementals
  6 wraiths
  An ushabti (Crypt:3)
  A fire elemental (Elf:1)
  A hog (shapeshifter) (Depths:2)
  33 yaks
  3 wargs
  3 steam dragons
  9 vampire mosquitoes
  A basilisk (D:13)
  3 chaos spawn (Depths:3)
  6 redbacks (Crypt:3)
  47 nagas
  3 death yak simulacra (IceCv)
  A glowing shapeshifter zombie (Depths:2)
  A harpy simulacrum (IceCv)
  3 hydra simulacra (IceCv)
  10 water moccasins
  An acid dragon (D:9)
  33 orc warriors
  A hornet zombie (Crypt:2)
  2 black bears
  3 ice beasts
  24 laughing skulls
  2 sky beasts
  10 ogres
  A black mamba simulacrum (Crypt:1)
  30 wolves
  3 boggarts (Vaults:1)
  25 centaurs
  2 lemures (D:8)
  A phantom (Crypt:3)
  2 weeping skulls (Abyss:2)
  4 kobold brigands
  2 gnoll sergeants
  10 bullfrogs
  14 necrophages
  A glowing shapeshifter simulacrum (Depths:2)
  4 earth elementals
  5 cane toad simulacra
  2 two-headed ogre simulacra (IceCv)
  4 wyvern skeletons (Crypt:3)
  A salamander skeleton (Crypt:2)
  10 wights
  6 elephant simulacra
  5 killer bees (D:8)
  6 howler monkeys
  13 electric eels
  A lava snake (Volcano)
  A komodo dragon simulacrum (Lair:1)
  A wyvern simulacrum (Lair:1)
  8 orc priests
  A water moccasin simulacrum (Lair:1)
  A bombardier beetle (D:5)
  10 jellies (Lair:5)
  2 hounds
  A sleepcap (D:7)
  A gnoll bouda (D:8)
  An iguana (D:5)
  16 orc wizards
  4 polar bear simulacra
  2 wolf simulacra (IceCv)
  2 spriggan simulacra
  17 gnolls
  10 adders
  2 naga simulacra (IceCv)
  2 shadow imps
  4 white imps
  3 dart slugs
  2 ribbon worms
  70 orcs
  5 bats
  12 endoplasms
  2 giant cockroaches
  3 goblins
  9 hobgoblins
  4 jackals (D:2)
  4 quokkas
  11 ball pythons
  A frilled lizard (D:1)
  18 kobolds
  A quokka skeleton (Crypt:2)
  5 rats
  A rat zombie (Crypt:2)
  A river rat zombie (Crypt:2)
  3 tentacles (Shoals:2)
1950 creatures vanquished.

Vanquished Creatures (collateral kills)
  A tentacled monstrosity (Vaults:5)
  Gastronok (Lair:3)
  An ironbound thunderhulk (Vaults:3)
  An ice dragon (Lair:5)
  Erolcha (Orc:1)
  Erica (Lair:1)
  An ironbound frostheart (Vaults:3)
  A death knight (D:15)
  A centaur warrior (Vaults:2)
  A merfolk aquamancer (Shoals:4)
  A skyshark (Lair:4)
  A skeletal warrior (Crypt:1)
  A phantasmal warrior (Crypt:1)
  A wolf spider (D:15)
  A manticore (Shoals:4)
  3 elephants
  An anaconda simulacrum (IceCv)
  An ice devil (IceCv)
  A basilisk (Lair:4)
  A naga (Lair:3)
  A hydra simulacrum (IceCv)
  2 ogres (Orc:1)
  A wolf (Lair:1)
  A brain worm (Lair:4)
  A bullfrog (Lair:3)
  2 polar bear simulacra (IceCv)
  A wolf simulacrum (IceCv)
31 creatures vanquished.

Vanquished Creatures (others)
  A juggernaut (Depths:3)
  A quicksilver dragon (Depths:3)
  A death cob (Zot:1)
  A sphinx (Vaults:2)
  A storm dragon (Zot:1)
  A shadow dragon (Vaults:5)
  A protean progenitor (Zot:2)
  A draconian monk (Zot:2)
  A fire giant (Depths:3)
  A frost giant (Depths:3)
  A stone giant (Vaults:5)
  A draconian stormcaller (Zot:2)
  An ironbound preserver (Vaults:2)
  An ironbound thunderhulk (Vaults:1)
  A vampire knight (Vaults:2)
  A purple draconian (Zot:2)
  A dire elephant (Vaults:2)
  A green draconian (Zot:1)
  2 red draconians (Zot:1)
  A spectral titan (Crypt:1)
  An eidolon (Vaults:2)
  2 merfolk impalers (Shoals:4)
  An ettin (Depths:3)
  A mummy priest (Crypt:1)
  2 merfolk javelineers (Shoals:4)
  A yaktaur captain (Vaults:5)
  6 vault guards (Vaults:5)
  A spriggan air mage (Depths:3)
  An ice dragon (Depths:3)
  2 merfolk aquamancers (Shoals:4)
  A tengu warrior (Depths:3)
  3 deep troll earth magi (Depths:3)
  A deep troll shaman (Depths:3)
  A spriggan berserker (Depths:3)
  A deep elf knight (Elf:1)
  2 iron trolls (Depths:3)
  2 spriggans (Depths:3)
  A skeletal warrior (Crypt:1)
  A glowing orange brain (Depths:3)
  A sea snake (Shoals:4)
  2 deep trolls (Vaults:2)
  A spriggan simulacrum (Crypt:1)
  2 harpies (Shoals:4)
  2 lindwurms (Vaults:2)
  An ironbound convoker (Vaults:1)
  A manticore (Shoals:4)
  A tengu skeleton (Vaults:2)
  A moth of wrath (Zot:1)
  A cyclops (Shoals:4)
  A human zombie (Vaults:2)
  2 merfolk sirens (Shoals:4)
  4 human skeletons
  4 vault sentinels (Vaults:2)
  An unseen horror (shapeshifter) (D:15)
  A tengu conjurer (Depths:3)
  A yaktaur (Vaults:2)
  6 merfolk (Shoals:4)
  2 hornets (Depths:3)
  A wind drake (Shoals:4)
  3 dream sheep (Shoals:4)
  A slime creature (Vaults:1)
  A dire elephant simulacrum (Crypt:1)
  An ettin skeleton (Vaults:2)
  A water elemental (Shoals:4)
  2 nagas
  2 ogre zombies
  44 starspawn tentacles
  7 tentacles (Shoals:2)
150 creatures vanquished.

Grand Total: 2131 creatures vanquished

Notes
Turn   | Place    | Note
-------+----------+-------------------------------------------
     0 | D:1      | Gonzollydolly the Barachi Shapeshifter began the quest for
                  | the Orb.
     0 | D:1      | Reached XP level 1. HP: 15/15 MP: 1/1
   145 | D:1      | Reached XP level 2. HP: 15/21 MP: 2/2
   381 | D:1      | Reached XP level 3. HP: 26/26 MP: 3/3
  1253 | D:2      | Reached XP level 4. HP: 32/32 MP: 4/4
  1833 | D:3      | Reached skill level 5 in Unarmed Combat
  1836 | D:3      | Reached XP level 5. HP: 19/37 MP: 5/5
  2942 | D:4      | Found a glowing golden altar of the Shining One.
  3000 | D:4      | Noticed a black bear
  3012 | D:4      | Killed a black bear
  3013 | D:4      | Reached XP level 6. HP: 43/43 MP: 6/6
  3210 | D:5      | Entered Level 5 of the Dungeon
  3233 | D:5      | Found an ornate altar of the Wu Jian Council.
  3265 | D:5      | Reached skill level 5 in Shapeshifting
  3322 | D:5      | Found a basalt altar of Yredelemnul.
  3330 | D:5      | Found an ancient bone altar of Kikubaaqudgha.
  3337 | D:5      | Found a white marble altar of Elyvilon.
  3429 | D:5      | Found a stormy altar of Qazlal.
  3754 | D:5      | Reached XP level 7. HP: 45/48 MP: 7/7
  3935 | D:5      | Found an iron altar of Okawaru.
  4280 | D:6      | Found Ufosul's Armour Shoppe.
  4294 | D:6      | Bought a +0 helmet for 63 gold pieces
  4820 | D:6      | Found Ewokkeq's Gadget Gallery.
  5030 | D:6      | Reached XP level 8. HP: 52/54 MP: 8/8
  5060 | D:6      | Found a staircase to the Ecumenical Temple.
  5066 | Temple   | Entered the Ecumenical Temple
  5078 | Temple   | Became a worshipper of Nemelex Xobeh the Trickster
  5108 | D:6      | Noticed a yak
  5134 | D:6      | Killed a yak
  5135 | D:6      | Noticed a yak
  5138 | D:6      | Noticed a yak
  5143 | D:6      | Noticed a yak
  5152 | D:6      | Killed a yak
  5157 | D:6      | Killed a yak
  5165 | D:6      | Killed a yak
  5166 | D:6      | Reached skill level 10 in Unarmed Combat
  5309 | D:6      | Noticed Prince Ribbit
  5327 | D:6      | Reached skill level 1 in Invocations
  5327 | D:6      | Reached skill level 1 in Evocations
  5338 | D:6      | Killed Prince Ribbit
  5339 | D:6      | Reached XP level 9. HP: 52/59 MP: 8/10
  5413 | D:6      | Found a shadowy altar of Dithmenos.
  5939 | D:7      | Noticed a troll
  5961 | D:7      | Killed a troll
  6566 | D:8      | Reached skill level 5 in Evocations
  6673 | D:8      | Reached skill level 2 in Fighting
  6759 | D:8      | Reached skill level 3 in Fighting
  6849 | D:8      | Reached XP level 10. HP: 61/71 MP: 13/13
  6853 | D:8      | Reached skill level 4 in Fighting
  7035 | D:8      | Reached skill level 5 in Fighting
  7035 | D:8      | Reached skill level 5 in Dodging
  7190 | D:8      | Noticed Pikel
  7205 | D:8      | Killed Pikel
  7248 | D:8      | Reached * piety under Nemelex Xobeh
  7362 | D:8      | Reached skill level 6 in Fighting
  8107 | D:6      | Bought a wand of mindburst (9) for 138 gold pieces
  8265 | D:9      | Reached skill level 7 in Fighting
  8493 | D:9      | Noticed a two-headed ogre
  8500 | D:9      | Killed a two-headed ogre
  8580 | D:9      | Received a gift from Nemelex Xobeh
  8692 | D:9      | Reached XP level 11. HP: 61/85 MP: 14/14
  9247 | D:10     | Entered Level 10 of the Dungeon
  9267 | D:10     | Found a staircase to the Lair.
  9309 | D:10     | Noticed a two-headed ogre
  9319 | D:10     | Killed a two-headed ogre
 10991 | D:10     | Identified the +9 dagger of the Five Ears {holy, *Corrode
                  | rN++ Dex+3 SInv}
 11202 | Lair:1   | Entered Level 1 of the Lair of Beasts
 11349 | Lair:1   | Reached ** piety under Nemelex Xobeh
 11352 | Lair:1   | Found a runed translucent gate.
 11352 | Lair:1   | Found a runed translucent gate.
 11355 | Lair:1   | Noticed Sonja
 11357 | Lair:1   | Sonja changed into Sonja the wolf
 11357 | Lair:1   | Noticed Sonja
 11361 | Lair:1   | Killed Sonja the wolf
 11449 | Lair:1   | Found a runed translucent gate.
 11573 | Lair:1   | Noticed dakkaduck's ghost (journeyman MiBe)
 11936 | Lair:1   | Noticed Erica
 11950 | Lair:1   | Killed Erica
 12571 | Lair:2   | Received a gift from Nemelex Xobeh
 12573 | Lair:2   | Reached skill level 5 in Invocations
 12614 | Lair:2   | Reached XP level 12. HP: 74/92 MP: 16/16
 12617 | Lair:2   | Reached skill level 8 in Fighting
 12938 | Lair:2   | Reached skill level 9 in Fighting
 13201 | Lair:2   | Reached skill level 10 in Fighting
 13487 | Lair:2   | Reached *** piety under Nemelex Xobeh
 13785 | Lair:2   | Found a staircase to the Shoals.
 14245 | Lair:3   | Received a gift from Nemelex Xobeh
 14280 | Lair:3   | Noticed Gastronok
 14475 | D:6      | Bought a wand of quicksilver (11) for 508 gold pieces
 14702 | Lair:3   | Reached skill level 1 in Stealth
 14940 | Lair:3   | Killed Gastronok
 14941 | Lair:3   | Gained mutation: You can hop long distances. [Barachi
                  | growth]
 14941 | Lair:3   | Reached XP level 13. HP: 59/103 MP: 19/19
 15135 | Lair:3   | Found a runed translucent gate.
 15137 | Lair:3   | Found a runed translucent gate.
 15138 | Lair:3   | Found a runed translucent gate.
 15139 | Lair:3   | Noticed Yjeari's ghost (journeyman GrMo)
 15225 | Lair:3   | Received a gift from Nemelex Xobeh
 15323 | Lair:3   | Found a staircase to the Snake Pit.
 15471 | Lair:3   | Received a gift from Nemelex Xobeh
 15815 | Lair:4   | Reached skill level 5 in Stealth
 15925 | Lair:4   | Noticed Fiha's ghost (journeyman VSSh)
 15927 | Lair:4   | Found a bloodstained altar of Trog.
 15935 | Lair:4   | Found a transporter.
 15941 | Lair:4   | Found a transporter.
 15947 | Lair:4   | Reached **** piety under Nemelex Xobeh
 15986 | Lair:4   | Received a gift from Nemelex Xobeh
 16107 | Lair:4   | Found a dark tunnel.
 16124 | Volcano  | Entered a volcano
 16270 | Volcano  | Found a bloodstained altar of Trog.
 16413 | Volcano  | Noticed a red draconian
 16424 | Volcano  | Killed a red draconian
 16425 | Volcano  | Reached skill level 10 in Invocations
 17085 | Lair:4   | You are sucked into a shaft and drop 1 floor!
 17085 | Lair:5   | Entered Level 5 of the Lair of Beasts
 17154 | Lair:5   | Reached skill level 11 in Fighting
 18262 | Lair:5   | Received a gift from Nemelex Xobeh
 18465 | Lair:5   | Reached XP level 14. HP: 98/113 MP: 21/21
 18845 | Lair:5   | Identified the +3 plate armour "Nan Jet" {rF+ rCorr SInv}
 18976 | Lair:5   | Found a staircase to the Slime Pits.
 19464 | D:11     | Reached ***** piety under Nemelex Xobeh
 19521 | D:11     | Received a gift from Nemelex Xobeh
 19918 | D:11     | Reached skill level 10 in Evocations
 20014 | D:11     | Found a staircase to the Orcish Mines.
 20026 | D:11     | Reached skill level 15 in Unarmed Combat
 20093 | D:11     | Received a gift from Nemelex Xobeh
 20585 | D:12     | Identified the +0 robe of Wuroehu {Rampage rCorr}
 20933 | D:12     | Found a frozen archway.
 20945 | IceCv    | Entered an ice cave
 21436 | IceCv    | Found an ancient bone altar of Kikubaaqudgha.
 21446 | IceCv    | Reached skill level 1 in Armour
 22487 | D:12     | Received a gift from Nemelex Xobeh
 22673 | D:12     | Received a gift from Nemelex Xobeh
 23176 | Orc:1    | Entered Level 1 of the Orcish Mines
 23461 | Orc:1    | Noticed Erolcha
 23461 | Abyss:2  | Cast into level 2 of the Abyss (Erolcha)
 23537 | Abyss:2  | Found a corrupted altar of Lugonu.
 23542 | Abyss:2  | Noticed a starcursed mass
 23557 | Abyss:2  | Found a corrupted altar of Lugonu.
 23562 | Abyss:2  | Fell from the grace of Nemelex Xobeh
 23562 | Abyss:2  | Became a worshipper of Lugonu the Unformed
 23562 | Abyss:2  | Reached * piety under Lugonu
 23562 | Abyss:2  | Reached ** piety under Lugonu
 23563 | Orc:1    | Escaped the Abyss
 23583 | Orc:1    | Killed Erolcha
 23584 | Orc:1    | Reached XP level 15. HP: 59/118 MP: 22/22
 23977 | Orc:2    | Entered Level 2 of the Orcish Mines
 23983 | Orc:2    | Reached skill level 1 in Shields
 24125 | Orc:2    | Reached skill level 5 in Armour
 24125 | Orc:2    | Noticed Urug
 24144 | Orc:2    | Killed Urug
 24539 | Orc:1    | Reached *** piety under Lugonu
 25096 | Orc:2    | Found Vixidal's Assorted Antiques.
 25096 | Orc:2    | Found Gumecel's Assorted Antiques.
 25096 | Orc:2    | Found Pulet's Book Emporium.
 25099 | Orc:2    | Found Luylluq's Magic Scroll Shop.
 25107 | Orc:2    | Bought a scroll of identify for 60 gold pieces
 25110 | Orc:2    | Bought a scroll of identify for 34 gold pieces
 25111 | Orc:2    | Bought a scroll of identify for 34 gold pieces
 25114 | Orc:2    | Bought a glittering golden ring for 150 gold pieces
 25114 | Orc:2    | Identified the ring "Weoli" {Ice rElec} (You bought it in a
                  | shop on level 2 of the Orcish Mines)
 25319 | Orc:2    | Found a runed translucent door.
 25319 | Orc:2    | Noticed Armakuni's ghost (adept DEGl)
 25400 | Orc:2    | Found a staircase to the Elven Halls.
 25826 | Orc:2    | Bought a lightning rod (4/4) for 1200 gold pieces
 26421 | D:13     | Found a gate to the Vaults.
 26425 | D:13     | Reached skill level 5 in Shields
 26926 | D:13     | Reached **** piety under Lugonu
 27652 | D:14     | Noticed Lodul
 27685 | D:14     | Killed Lodul
 28207 | D:14     | Reached skill level 1 in Throwing
 28763 | D:15     | Entered Level 15 of the Dungeon
 28791 | D:14     | Reached skill level 12 in Fighting
 29328 | D:15     | Identified the +4 short sword of the Warrior-Mage {flame,
                  | rElec Will+ rCorr}
 29609 | D:15     | Reached XP level 16. HP: 97/112 MP: 23/23
 29674 | D:15     | Identified the +4 ring mail of the Goldsmith {Str+2 Int+2
                  | SInv}
 30211 | D:15     | Reached skill level 13 in Fighting
 30228 | D:15     | Reached skill level 5 in Throwing
 30618 | D:15     | Found a staircase to the Depths.
 31868 | D:6      | Bought a phial of floods for 440 gold pieces
 32044 | Snake:1  | Entered Level 1 of the Snake Pit
 32657 | Snake:1  | Identified the +2 cloak "Caicucapn" {rCorr Str+3 Int+4
                  | Dex-4}
 33182 | Snake:1  | Reached skill level 14 in Fighting
 33631 | Snake:1  | Reached ***** piety under Lugonu
 34102 | Snake:2  | Found an ancient bone altar of Kikubaaqudgha.
 34832 | Snake:2  | HP: 6/133 [black mamba (13)]
 35058 | Snake:2  | You are sucked into a shaft and drop 1 floor!
 35282 | Snake:2  | Found Bonomiost's Magic Scroll Emporium.
 35286 | Snake:2  | Found Kaaxojat's General Store.
 35286 | Snake:2  | Banished a deep elf master archer
 35306 | Snake:2  | Found Yleshuomn's Weapon Emporium.
 36275 | Snake:3  | Reached XP level 17. HP: 90/96 MP: 25/25
 37547 | Snake:4  | Entered Level 4 of the Snake Pit
 37695 | Shoals:1 | Entered Level 1 of the Shoals
 37787 | Shoals:1 | You are sucked into a shaft and drop 1 floor!
 37903 | Shoals:2 | Found Ihyimm's Magic Scroll Boutique.
 39149 | Shoals:2 | Bought a scroll of summoning for 133 gold pieces
 39493 | Shoals:2 | Identified the +7 flail of Dunkezimp {spect, ^Drain rCorr
                  | Str+2 Int+3}
 39840 | Shoals:2 | Noticed a kraken
 39867 | Shoals:2 | Killed a kraken
 40014 | Shoals:3 | Found the +0 mask of the Dragon {Will+ Slay+3 SInv}
 40423 | Shoals:3 | Found Cidijibayc's Antique Armour Emporium.
 41162 | Orc:2    | Bought a book of Spatial Translocations for 198 gold pieces
 41162 | Orc:2    | Bought a book of Lightning for 396 gold pieces
 41165 | Orc:2    | Learned a level 2 spell: Blink
 41168 | Orc:2    | Learned a level 2 spell: Lesser Beckoning
 41393 | Shoals:4 | Entered Level 4 of the Shoals
 41550 | Shoals:4 | Reached skill level 1 in Translocations
 41614 | Shoals:3 | Reached skill level 1 in Spellcasting
 41867 | Shoals:4 | Reached XP level 18. HP: 130/146 MP: 27/27
 41958 | Shoals:4 | Found a white marble altar of Elyvilon.
 41974 | Shoals:4 | Corrupted Shoals:4
 41986 | Shoals:4 | Noticed a dread lich
 42218 | Shoals:4 | Was forgiven by Nemelex Xobeh
 42293 | Shoals:4 | Found a glowing silver altar of Zin.
 42327 | Shoals:4 | Reached skill level 5 in Translocations
 42548 | Shoals:4 | Found a glowing golden altar of the Shining One.
 42907 | Shoals:4 | Got a barnacled rune of Zot
 43287 | Shoals:4 | Learned a level 1 spell: Apportation
 43558 | Vaults:1 | Entered Level 1 of the Vaults
 44020 | Vaults:1 | Identified the +6 short sword of Doubt {elec, Fly rElec
                  | Int+2 SInv}
 44298 | Vaults:1 | Reached ****** piety under Lugonu
 44387 | Vaults:1 | Reached skill level 10 in Dodging
 44736 | Vaults:1 | Reached skill level 10 in Shields
 44762 | Vaults:1 | Corrupted Vaults:1
 45616 | Elf:1    | Entered Level 1 of the Elven Halls
 46337 | Elf:1    | Found Bimupud's Weapon Shoppe.
 46397 | Elf:1    | Found Conef's Book Shoppe.
 46873 | Elf:1    | Found Oczocaxt's Book Emporium.
 46984 | Elf:1    | Found Cebouk's Armour Shoppe.
 47011 | Elf:1    | Reached XP level 19. HP: 119/147 MP: 28/28
 47332 | Elf:1    | Got Rewooloe's Elucidation of the Flock
 47407 | Elf:1    | Found Efuciref's Distillery.
 47411 | Elf:1    | Bought a potion of cancellation for 152 gold pieces
 48032 | Vaults:2 | Identified the +9 scale mail of Jocular Leaves {^Drain
                  | rPois MP+9}
 48220 | Vaults:2 | Reached skill level 10 in Armour
 48421 | Vaults:2 | Reached skill level 15 in Fighting
 48870 | Vaults:2 | Corrupted Vaults:2
 48870 | Vaults:2 | Noticed a bone dragon
 48875 | Vaults:2 | Noticed a tentacled monstrosity
 48882 | Vaults:2 | Noticed a bone dragon
 48963 | Vaults:2 | Found a staircase to the Crypt.
 49789 | Vaults:2 | Reached skill level 16 in Fighting
 49938 | Vaults:3 | Noticed Saint Roka
 50567 | Vaults:3 | Killed Saint Roka
 50575 | Vaults:3 | Reached XP level 20. HP: 116/164 MP: 29/29
 53578 | Snake:4  | Found Dyddiof's Book Emporium.
 53604 | Snake:4  | Noticed Vashnia
 53652 | Snake:4  | Killed Vashnia
 53653 | Snake:4  | Reached skill level 10 in Throwing
 53762 | Snake:4  | Found Geto's Jewellery Boutique.
 53763 | Snake:4  | Found Titwuij's Book Emporium.
 53858 | Snake:2  | Bought a scroll of acquirement for 988 gold pieces
 53858 | Snake:2  | Acquired 516 gold pieces
 53947 | Snake:4  | Bought a ring of protection from fire for 475 gold pieces
 53971 | Snake:4  | Found Lysul's Magic Scroll Emporium.
 53980 | Snake:4  | Bought a scroll of blinking for 90 gold pieces
 54952 | Snake:4  | Reached skill level 15 in Shields
 54952 | Snake:4  | Reached XP level 21. HP: 162/171 MP: 30/30
 55174 | Snake:4  | Got a serpentine rune of Zot
 55588 | Elf:2    | Noticed Zenata
 55617 | Elf:2    | Killed Zenata
 55650 | Elf:2    | Identified the +1 long sword of Erustrili {freeze, ^Fragile
                  | rF- rCorr Int+7}
 55665 | Elf:2    | Found a huge runed translucent gate.
 55665 | Elf:2    | Found a huge runed translucent gate.
 55665 | Elf:2    | Found a huge runed translucent gate.
 55665 | Elf:2    | Found a huge runed translucent gate.
 55669 | Elf:2    | Found a huge runed translucent gate.
 55772 | Elf:2    | Found Xaript's Jewellery Emporium.
 55803 | Elf:2    | Found Fehufuc's Armour Shoppe.
 56137 | Elf:1    | Found a shimmering blue altar of Sif Muna.
 56177 | Elf:2    | Identified the +0 leather armour of the Lich-sworn {MP-9
                  | Str-4 Dex+9 SInv}
 56349 | Elf:2    | Identified the +0 chain mail of Absence {+Blink rC- MP+9
                  | Dex+2}
 56886 | Lair:1   | Killed dakkaduck's ghost
 57143 | Lair:3   | Killed Yjeari's ghost
 58203 | Vaults:4 | Found Epsoupno's General Store.
 58263 | Vaults:4 | Reached skill level 17 in Fighting
 58861 | Vaults:4 | Paralysed by a sphinx for 3 turns
 59307 | Depths:1 | Entered Level 1 of the Depths
 59508 | Depths:1 | Found a shadowy altar of Dithmenos.
 59711 | Depths:1 | Noticed Mara
 59907 | Depths:1 | Reached skill level 18 in Fighting
 59956 | Depths:1 | Found a one-way gate leading to the halls of Pandemonium.
 60025 | Depths:1 | Banished Mara
 60153 | Depths:1 | Reached XP level 22. HP: 133/185 MP: 31/31
 60412 | Depths:1 | Found a gateway to Hell.
 60627 | Depths:2 | Noticed Bai Suzhen
 60667 | Depths:2 | Killed Bai Suzhen
 60933 | Depths:2 | Reached skill level 19 in Fighting
 61068 | Depths:2 | Identified the +10 trident "Wabu" {heavy, rElec Will-
                  | Int+7}
 61864 | Depths:2 | Found a one-way gateway to a ziggurat.
 62501 | Elf:3    | Entered Level 3 of the Elven Halls
 62819 | Elf:3    | Reached skill level 20 in Fighting
 62921 | Elf:3    | Identified the ring of Istataj {rPois rN+ SInv Stlth+}
 63428 | Elf:3    | Identified the staff "Transmigrator" {Str+4 Dex+2 Conj}
 63428 | Elf:3    | Identified the +2 robe of the Sacrificial Victim {rN+
                  | Regen+ Str-3 Stlth+}
 63658 | Elf:3    | Identified the +0 robe of Beogh's Regard {Str+3}
 63663 | Elf:3    | Identified the ring "Galeyjatz" {rF- Str+5 SInv Stlth+}
 63665 | Elf:3    | Identified the ring "Curefakh" {MP+9 Stlth+}
 63689 | Elf:3    | Identified the staff "Ophoiv" {Tloc Earth}
 63691 | Elf:3    | Found the +3 pair of seven-league boots {Rampage+∞}
 63881 | Elf:3    | Got Nibofij's Grimoire of Gelid Apparitions
 63924 | Elf:3    | Identified the dragon-blood talisman of Negligence {Dex+7}
 63933 | Elf:3    | Got the Book of the Oath and the Grave
 63996 | Elf:3    | Found a runed translucent gate.
 63996 | Elf:3    | Found a runed translucent gate.
 63996 | Elf:3    | Found a runed translucent gate.
 64334 | Orc:2    | Bought 2 scrolls of enchant armour for 255 gold pieces
 64818 | Orc:2    | Bought a scroll of enchant weapon for 127 gold pieces
 64818 | Orc:2    | Bought a scroll of enchant armour for 127 gold pieces
 64822 | Orc:2    | Bought a scroll of enchant armour for 210 gold pieces
 65368 | Crypt:1  | Entered Level 1 of the Crypt
 65534 | Crypt:1  | Reached XP level 23. HP: 135/162 MP: 32/32
 65626 | Vaults:2 | Reached skill level 15 in Throwing
 65752 | Crypt:1  | Identified the ring of Eduh {Ice Dex+3 Slay+4 Stlth-}
 65752 | Crypt:1  | Noticed Josephina
 66085 | Depths:3 | Found Zeppuss's Antique Armour Emporium.
 66123 | Depths:3 | Noticed a juggernaut
 66128 | Depths:3 | Corrupted Depths:3
 66141 | Depths:3 | Killed a juggernaut
 66243 | Depths:3 | You are sucked into a shaft and drop 1 floor!
 66243 | Depths:4 | Entered Level 4 of the Depths
 66268 | Depths:3 | Found a stormy altar of Qazlal.
 66629 | Depths:3 | Found a one-way gate to the infinite horrors of the Abyss.
 66947 | Depths:3 | Noticed a golden dragon
 66962 | Depths:3 | Killed a golden dragon
 68002 | Crypt:1  | Corrupted Crypt:1
 68100 | Crypt:1  | Killed Josephina
 68725 | Crypt:1  | Got the Discourse on Maleficent Acts
 70440 | Crypt:3  | Entered Level 3 of the Crypt
 70634 | Crypt:3  | Identified the +1 halberd "Jeug" {heavy, +Blink Dex+2}
 70721 | Crypt:3  | Learned a level 3 spell: Fugue of the Fallen
 70892 | Crypt:3  | Reached skill level 5 in Spellcasting
 70892 | Crypt:3  | Reached skill level 1 in Necromancy
 70904 | Crypt:3  | Reached XP level 24. HP: 197/204 MP: 32/32
 71001 | Crypt:3  | Found a basalt altar of Yredelemnul.
 71417 | Crypt:3  | Identified the ring "Ynyopsooko" {Wiz Str+3 Int+3}
 71427 | Crypt:3  | Identified the +2 great sword of the Reaper {speed, +Blink
                  | Str+4}
 71618 | Crypt:3  | Reached skill level 5 in Necromancy
 72242 | Crypt:3  | Found a staircase to the Tomb.
 72514 | Crypt:3  | Identified the +7 quarterstaff "Zuor" {speed, *Rage rN++
                  | Str+8 Int-2}
 73030 | Crypt:3  | Identified the staff "Guuniwki" {rC+ Dex+5 Stlth- Tloc Ice}
 74027 | Depths:4 | Noticed Margery
 74555 | Depths:4 | Killed Margery
 74821 | Depths:4 | Noticed Mennas
 74823 | Depths:4 | Banished Mennas
 75099 | Depths:4 | Found a gate to the Realm of Zot.
 75520 | Depths:4 | Found Zoirr's Magic Scroll Shoppe.
 75524 | Depths:4 | Found Hisaf's Magic Scroll Shoppe.
 75533 | Depths:4 | Bought a scroll of acquirement for 936 gold pieces
 75533 | Depths:4 | Acquired 755 gold pieces
 75535 | Depths:4 | Bought a scroll of enchant armour for 135 gold pieces
 75542 | Depths:4 | Bought a scroll of blinking for 142 gold pieces
 75542 | Depths:4 | Bought a scroll of fog for 76 gold pieces
 75648 | Depths:4 | Found a hazy altar of Hepliaklqana.
 75651 | Depths:4 | Found a faded altar of an unknown god.
 75651 | Depths:4 | Found a faded altar of an unknown god.
 76082 | Snake:4  | Bought the macabre finger necklace {Finger+ rN+} for 760
                  | gold pieces
 76082 | Snake:4  | Found the macabre finger necklace {Finger+ rN+}
 76435 | Vaults:5 | Entered Level 5 of the Vaults
 76496 | Vaults:5 | Corrupted Vaults:5
 76540 | Vaults:5 | Reached skill level 15 in Evocations
 76916 | Vaults:5 | Reached XP level 25. HP: 205/210 MP: 35/36
 77142 | Vaults:5 | Identified the +3 quarterstaff of Eye-covered Absolution
                  | {speed, rF+ rC++}
 77335 | Vaults:5 | Identified the +3 sling "Bingo" {drain, rPois}
 77335 | Vaults:5 | Identified the +5 ring mail of Hairiness {rPois}
 77897 | Vaults:5 | Identified the +12 quarterstaff of Eternal Vigilance {holy,
                  | ^Fragile rElec Str+6}
 77995 | Vaults:5 | Reached skill level 21 in Fighting
 78761 | Vaults:5 | Identified the +6 quarterstaff "Ycyedd" {venom, rF+ Int+2
                  | Stlth+}
 78818 | Vaults:5 | Identified the +7 flail of Hubris {venom, Dex+3}
 78957 | Vaults:5 | Identified the +3 mace of Untruth {drain, *Noise Str+4
                  | SInv}
 79080 | Vaults:5 | Identified the +3 ring mail of Ejuvin {Slay+3}
 79613 | Vaults:5 | Got a silver rune of Zot
 80391 | Tomb:1   | Entered Level 1 of the Tomb of the Ancients
 80801 | Zot:1    | Entered Level 1 of the Realm of Zot
 80934 | Zot:1    | Corrupted Zot:1
 81253 | Zot:1    | Noticed an orb of fire
 81257 | Zot:1    | Gained mutation: You occasionally lose the ability to read
                  | scrolls when taking damage. [an orb of fire]
 81279 | Zot:1    | Gained mutation: Armour fits poorly on your strangely
                  | shaped body. [an orb of fire]
 81282 | Zot:1    | Gained mutation: You are frail. (-10% HP) [an orb of fire]
 81284 | Zot:1    | Killed an orb of fire
 81297 | Zot:1    | Reached skill level 22 in Fighting
 81425 | Depths:4 | Lost mutation: You are frail. (-10% HP) [potion of
                  | mutation]
 81425 | Depths:4 | Lost mutation: Armour fits poorly on your strangely shaped
                  | body. [potion of mutation]
 81425 | Depths:4 | Lost mutation: You occasionally lose the ability to read
                  | scrolls when taking damage. [potion of mutation]
 81425 | Depths:4 | Gained mutation: You are frail. (-10% HP) [potion of
                  | mutation]
 81425 | Depths:4 | Gained mutation: You are covered in fur. (AC +1) [potion of
                  | mutation]
 81425 | Depths:4 | Gained mutation: Your flesh is cold resistant. (rC+)
                  | [potion of mutation]
 81805 | Zot:1    | You are sucked into a shaft and drop 1 floor!
 81820 | Zot:2    | Corrupted Zot:2
 81840 | Zot:2    | HP: 4/195 [protean progenitor (51)]
 81849 | Zot:2    | Killed from afar by a yellow draconian annihilator

Illustrated notes

Levels and vault maps discovered:
D:1:      scummos_arrival_gate, layout_rooms
D:2:      layout_basic, kennysheep_generic_room_5
D:3:      layout_loops_ring, nicolae_half_adder
D:4:      layout_rooms, mainiacjoe_overflow_brackets
D:5:      layout_basic, mainiacjoe_overflow_chevrons,
          nicolae_overflow_macrodata_refinement, kennysheep_mini_moat
D:6:      layout_loops_corners, mainiacjoe_overflow_alcove_4,
          minmay_temple_entry_gardened_gates, serial_shops,
          nicolae_lakefront_shop, nrook_loot_triangle, nicolae_shop_gadgets,
          uniq_prince_ribbit1
D:7:      layout_basic
D:8:      layout_gridville, uniq_pikel
D:9:      layout_basic, small_chamber_with_monster, due_unseen_surprise
D:10:     layout_basic, dpeg_oklobed_lair
D:11:     layout_stronghold, orc_0_dummy
D:12:     layout_basic, portal_ice_cave_entry_pillars_2
D:13:     kennysheep_big_flooded_room, layout_stronghold,
          lightli_vaults_fourway_checkpoint
D:14:     layout_long_grid, nicolae_zig_zag_zippers, uniq_lodul
D:15:     grunt_enter_depths_magical_seal, layout_cave_pools,
          nicolae_twisty_statue_hallways, chequers_arboretum,
          statue_in_the_mist_lemuel, dreamdust_wasp_nest
Temple:   nicolae_temple_great_sept
Lair:1:   layout_long_grid, gammafunk_ghost_icy, lemuel_fruit_fields,
          lemuel_fruit_fields, uniq_erica, uniq_sonja
Lair:2:   layout_gridlike, minmay_shoals_entry_hut, grunt_megastairs_2,
          serial_bayou_shore_b
Lair:3:   layout_gridlike, minmay_snake_entry_guardpost_small,
          ebering_ghost_rock_garden, uniq_gastronok
Lair:4:   layout_misc_corridors, gammafunk_ghost_wrathful_warriors,
          enter_volcano_2
Lair:5:   grunt_lair_end_beastmaster, layout_concentric_octagons,
          minmay_slime_entry_jelly_boxes
Shoals:1: layout_shoals
Shoals:2: layout_shoals, serial_shops, shop, nicolae_shoals_spring_well_temple
Shoals:3: layout_shoals, serial_shops, nicolae_shop_rolling_square
Shoals:4: shoals_end_hellmonk_holy_island
Snake:1:  layout_chambers, nicolae_snake_boneroom
Snake:2:  layout_misc_corridors, basic_altar, nicolae_wooded_promenade,
          serial_bayou_shore_a, lemuel_fruit_tree
Snake:3:  layout_onion_interference, corexii_hall_statues_x, st_stairs_8
Snake:4:  snake_hunt, layout_basic, serial_shops, shop, st_stairs_10,
          guppyfry_library_mini, minmay_shop_grove, uniq_vashnia
Orc:1:    layout_caves, nicolae_orc_minecarts, uniq_erolcha
Orc:2:    st_orc_rangers, layout_diamond_mine, gammafunk_ghost_grave, uniq_urug
Elf:1:    minmay_elf_arrival_plus, layout_loops_cross, serial_shops,
          nicolae_shop_getting_attention, nicolae_shop_back_alley_shop, shop,
          nicolae_book_shop_shelving, shop, minmay_elf_demonology,
          lemuel_upstairs_altar
Elf:2:    elven_hall_of_blades_hangedman_alternative
          [mumra_blade_entry_bloodbath], layout_gridlike, grunt_ministairs_3,
          minmay_shoptagon, uniq_zenata
Elf:3:    grunt_elf_hall_spiral, layout_geoelf_diagonals, serial_sigils,
          serial_sigils_hangedman_shear, serial_sigils_hangedman_writhe,
          serial_sigils_hangedman_quiver, serial_sigils_hangedman_gnaw,
          nicolae_gammafunk_elf_defective_weapons_storage
Vaults:1: nicolae_vaults_meiosis, v_misc_4, hangedman_vaults_nodes,
          hangedman_vaults_corner, vaults_mumra_minichess_inversion,
          nicolae_vaults_trapezoid_lopsided_3, nicolae_vaults_little_squares_3,
          v_misc_12, nicolae_vaults_back_hallway, nicolae_vaults_trapezoid_1,
          nicolae_vaults_little_ls, layout_vaults_maze
Vaults:2: nicolae_vaults_mini_display_case, vaults_room_door_ring,
          nicolae_vaults_hexular_roomagon, minmay_crypt_entry_simple_corners,
          nicolae_vaults_diagonal_hallway_7, v_misc_22,
          nicolae_vaults_double_plus_3, dpeg_vaults_monster_box,
          nicolae_vaults_little_squares_1, nicolae_vaults_big_ls,
          nicolae_vaults_shelves_hall, nicolae_vaults_layer_cake_slice,
          vaults_dpeg_emergency_exit, ontoclasm_vaults_eye,
          nicolae_vaults_door_testing_chamber,
          dpeg_vaults_pockets_of_resistance, hangedman_vaults_pinch,
          nicolae_vaults_trapezoid_lopsided_4, layout_vaults_omnibox
Vaults:3: hangedman_vaults_impose, nicolae_vaults_sightless_eye,
          hangedman_vaults_hat, ontoclasm_vaults_chip, v_misc_10,
          ontoclasm_vaults_claustrophobia, nicolae_vaults_shelves_hall,
          layout_vaults_chaotic_city, uniq_saint_roka
Vaults:4: v_alt_pattern_1, nicolae_vaults_tetromino_T_1,
          nicolae_vaults_diamond_2, v_misc_1, v_misc_25, nicolae_vaults_two_Ls,
          hangedman_vaults_trim, nicolae_vaults_diamond_1,
          nicolae_vaults_wine_cellar, nicolae_vaults_border_crossing,
          layout_vaults_quadrants, serial_shops, shop
Vaults:5
Crypt:1:  layout_misc_corridors, special_room [special_room_morgue],
          palyth_stone_intersect, uniq_josephina
Crypt:2:  layout_basic
Crypt:3:  evilmike_haunted_forest
Tomb:1
Depths:1: layout_cave_pools, rand_demon_pan_entry_7, pf_hell_entry_tar_river,
          amcnicky_mini_pool_small, st_stairs_12, minmay_misc_feat_cross,
          grunt_dithmenos_smoke_and_mirrors, uniq_mara
Depths:2: minmay_box_of_statues, layout_gridville, enter_ziggurat_a,
          minmay_misc_feat_chi, rand_demon_pan_entry_4, hell_entry,
          minmay_hollow_rounded_squares, uniq_bai_suzhen
Depths:3: hangedman_cross_veins, layout_cave_pools, minmay_room_of_horrors,
          serial_shops, shop, grunt_hell_entry_dis_grunt,
          nicolae_qazlal_general_emergency
Depths:4: grunt_zot_entry_tricorne, layout_small_grid, hangedman_coc_ice_floe,
          abyss_entry, pan_entry, nicolae_hepliaklqana_ecumenical_no_more,
          minmay_shop_star, uniq_mennas, uniq_margery
Zot:1:    layout_basic
Zot:2:    layout_onion, bh_zot_lava_cross

Skill      XL: |  1  2  3  4  5  6  7  8  9 10 11 12 13 14 15 16 17 18 19 20 21 22 23 24 25 |
---------------+----------------------------------------------------------------------------+-----
Unarmed Combat | 4 5 6 7 8 10 13 16 17 18 19 20 | 20.0
Shapeshifting  | 4 5 6 7 9 |  9.1
Invocations    | 2 4 5 8 10 13 | 13.0
Evocations     | 2 5 8 10 12 13 14 15 | 15.0
Fighting       | 3 7 10 11 12 14 16 18 20 22 | 22.1
Dodging        | 4 7 8 9 11 12 13 | 13.9
Stealth        | 4 6 |  6.5
Armour         | 4 9 10 14 | 14.6
Shields        | 6 9 11 12 15 | 15.0
Throwing       | 4 8 10 12 14 16 18 | 18.8
Translocations | 2 7 8 |  8.3
Spellcasting   | 1 4 5 9 |  9.0
Necromancy     | 1 9 |  9.1

Action                     |  1- 3 |  4- 6 |  7- 9 | 10-12 | 13-15 | 16-18 | 19-21 | 22-24 | 25-27 || total
---------------------------+-------+-------+-------+-------+-------+-------+-------+-------+-------++-------
  Melee: Unarmed           |    87 |   126 |   213 |   635 |  1396 |  1912 |  1881 |  2387 |   616 ||  9253
         Punch             |     6 |     6 |     7 |     1 |    27 |       |       |       |       ||    47
  Throw: Stone             |     8 |       |       |       |       |       |       |       |       ||     8
         Dart              |     7 |    42 |    19 |    22 |     1 |    10 |     5 |    15 |       ||   121
         Throwing net      |       |       |       |       |     1 |       |     3 |     4 |       ||     8
         Boomerang         |       |       |       |       |       |   250 |   249 |   246 |    43 ||   788
         Javelin           |       |       |       |       |       |       |     1 |    34 |    33 ||    68
   Cast: Lesser Beckoning  |       |       |       |       |       |    39 |   108 |    74 |    36 ||   257
         Blink             |       |       |       |       |       |       |       |     1 |       ||     1
 Invoke: Draw Destruction  |       |       |       |    10 |    29 |       |       |       |       ||    39
         Draw Summoning    |       |       |       |     5 |     8 |       |       |       |       ||    13
         Triple Draw       |       |       |       |     1 |       |       |       |       |       ||     1
         Depart the Abyss  |       |       |       |       |     1 |       |       |       |       ||     1
         Banish            |       |       |       |       |     4 |     7 |     3 |     1 |     1 ||    16
         Corrupt           |       |       |       |       |       |     2 |     1 |     3 |     2 ||     8
Ability: Hop               |       |     2 |     2 |     6 |     7 |     9 |     8 |     8 |     1 ||    43
         Begin Untransform |       |       |       |       |     4 |       |       |       |       ||     4
  Evoke: Wand              |       |     3 |     6 |     2 |    55 |    19 |     5 |    44 |     5 ||   139
         Condenser vane    |       |       |       |     2 |     2 |     3 |     4 |     3 |       ||    14
         Sack of spiders   |       |       |       |       |     2 |     2 |     2 |     3 |       ||     9
         Lightning rod     |       |       |       |       |     4 |    17 |    16 |    19 |       ||    56
         Phial of floods   |       |       |       |       |       |       |     1 |       |       ||     1
    Use: Potion            |     1 |     2 |     3 |     1 |     4 |    10 |     2 |     8 |     7 ||    38
         Scroll            |       |     8 |     4 |    10 |    10 |     9 |     2 |    18 |     7 ||    68
   Stab: Sleeping          |     2 |       |       |       |     2 |     2 |     5 |     5 |     2 ||    18
         Paralysed         |       |     1 |    10 |     5 |    11 |     8 |       |    10 |       ||    45
         Distracted        |       |       |       |       |     4 |     4 |     2 |     3 |     1 ||    14
         Held in net/web   |       |       |       |       |       |       |     7 |     6 |       ||    13
         Fleeing           |       |       |       |       |       |       |       |     1 |       ||     1
 Armour: Skin              |     8 |    12 |    41 |   261 |   259 |     3 |       |       |       ||   584
         Animal skin       |    29 |       |       |       |       |       |       |       |       ||    29
         Ring mail         |     3 |    16 |       |       |       |   642 |    39 |       |       ||   700
         Chain mail        |       |    57 |    70 |    17 |       |       |       |       |       ||   144
         Plate armour      |       |       |       |       |   450 |   610 |       |       |       ||  1060
         Scale mail        |       |       |       |       |       |       |   813 |   292 |       ||  1105
         Fire dragon scale |       |       |       |       |       |       |       |   933 |   391 ||  1324
  Dodge: Dodged            |    31 |    42 |   134 |   483 |  1006 |   655 |   487 |   706 |   236 ||  3780
  Block: Buckler           |       |       |       |       |    79 |   323 |       |       |       ||   402
         Kite shield       |       |       |       |       |       |    71 |   795 |  1152 |   303 ||  2321
   Form: Flux              |       |       |     1 |     2 |     3 |       |       |       |       ||     6
         Beast             |       |       |       |     2 |       |       |       |       |       ||     2
